 Dungeon Crawl Stone Soup version 0.29.1-13-g9f3cf754e1 (webtiles) character file.

Game seed: 18423926008425724455

56 javelincjr the Magician (level 3, -5/19 HPs)
             Began as a Deep Elf Air Elementalist on Jan 21, 2023.
             Slain by Crazy Yiuf
             ... wielding a +4 quarterstaff of chaos
              (13 damage)
             ... on level 2 of the Dungeon.
             The game lasted 00:08:19 (2238 turns).

javelincjr the Magician (Deep Elf Air Elementalist) Turns: 2238, Time: 00:08:19

Health: -5/19      AC:  5    Str:  7    XL:     3   Next: 69%
Magic:  8/10       EV: 12    Int: 19    God:
Gold:   94         SH:  0    Dex: 15    Spells: 4/10 levels left

rFire   . . .      SeeInvis .   g - +0 long sword
rCold   . . .      Faith    .   (no shield)
rNeg    . . .      Spirit   .   a - +0 robe
rPois   .          Reflect  .   (no helmet)
rElec   .          Harm     .   e - +2 cloak
rCorr   .          Rampage  .   (no gloves)
Will    .....                   (no boots)
Stlth   ++........              (no amulet)
HPRegen 0.06/turn               (no ring)
MPRegen 0.12/turn               (no ring)

@: no status effects
A: no striking features
a: no special abilities


You were on level 2 of the Dungeon.
You visited 1 branch of the dungeon, and saw 2 of its levels.

You collected 94 gold pieces.

Inventory:

Hand Weapons
 g - a +0 long sword (weapon)
Armour
 a - a +0 robe (worn)
 e - a +2 cloak (worn)
Scrolls
 d - a scroll of blinking {unknown}
 j - a scroll of identify {unknown}
 k - a scroll of summoning {unknown}
 l - a scroll of brand weapon {unknown}
 m - a scroll of acquirement {unknown}
 n - a scroll of teleportation {unknown}
Potions
 b - 2 potions of magic
 c - a potion of ambrosia {unknown}
 f - a potion of heal wounds {unknown}
 h - 2 potions of mutation {unknown}
 i - 2 potions of flight {unknown}
 o - a potion of haste {unknown}


   Skills:
 + Level 2.6 Dodging
 + Level 2.8 Stealth
 + Level 4.0 Spellcasting
 + Level 1.5 Conjurations
 + Level 3.8 Air Magic


You had 4 spell levels left.
You knew the following spells:

 Your Spells              Type           Power      Damage    Failure   Level
a - Shock                 Conj/Air       56%        1d6       4%          1
b - Static Discharge      Conj/Air       14%        3-5/arc   7%          2
c - Swiftness             Air            18%        N/A       9%          3

Your spell library contained the following spells:

 Spells                   Type           Power      Damage    Failure   Level
 Airstrike                Air            9%         2d(2-18)  28%         4


Dungeon Overview and Level Annotations

Branches:
Dungeon (2/15)

Altars:

Annotations:
D:2 Crazy Yiuf


Message History

You hit the fungus.
The fungus is lightly damaged.
You slash the fungus!
The fungus is lightly damaged.
You hit the fungus but do no damage.
The fungus is lightly damaged.
A nearby fungus withers and dies.
You slash the fungus!
The fungus begins to die.
The fungus is lightly damaged.
You hit the fungus but do no damage.
The fungus is lightly damaged.
A nearby fungus withers and dies.
You hit the fungus.
The fungus begins to die.
The fungus is lightly damaged.
You hit the fungus.
The fungus begins to die.
The fungus is lightly damaged.
A nearby fungus withers and dies.
A nearby fungus withers and dies.
Found a hammer.
Found a runed translucent door.
Unknown command.
You open the door.
There is an open translucent door here.
Crazy Yiuf shouts!
Crazy Yiuf hits you with a +4 quarterstaff of chaos!
You barely miss Crazy Yiuf.
Crazy Yiuf whimpers, "Prologue!"
Crazy Yiuf barely misses you.
Crazy Yiuf cries, "Goober!
Key light wrapper."
Crazy Yiuf closely misses you.
Casting: Static Discharge (safe; 7% risk of failure)
Confirm with . or Enter, or press ? or * to list all spells.
Crazy Yiuf is struck by an arc of lightning!
Crazy Yiuf is moderately wounded.
You are struck by an arc of lightning.
Crazy Yiuf is struck by an arc of lightning.
Crazy Yiuf is heavily wounded.
The lightning grounds out.
Crazy Yiuf hits you with a +4 quarterstaff of chaos!
Ouch! That really hurt!
You die...

.# #.#.....'..........##
#.... .#
#.#..####...........#
#.... .#
###.#..####...........#
#.... .#
#........##############
#.... .###........#
#.... ...+........#
♣♣♣♣♣#####'#
.###........#
#####♣♣♣.♣.♣......#
..........###
#...#♣..♣.......###
#......#.####
#g@.'.♣♣♣♣......#..
#......#....# #)..#♣♣
♣♣....##.# .......#....#
##### ♣♣##.....
.......#.#### ####..
#...........# #.....
######.#.#..############
###.#..
.###.....#.###...#.#...#
#.#.#..
.........#.###...#.#...#
#.#.#..
##........<#.....'.....#
#.#.#..


You could see Crazy Yiuf.

Vanquished Creatures
  A worm (D:2)
  3 dart slugs (D:1)
  A ball python (D:1)
  5 bats
  4 endoplasms
  3 giant cockroaches (D:1)
  A goblin (D:2)
  6 hobgoblins
  4 jackals (D:2)
  2 quokkas (D:1)
  2 frilled lizards
  6 kobolds
  7 rats
45 creatures vanquished.

Vanquished Creatures (others)
  5 fungi (D:2)
5 creatures vanquished.

Grand Total: 50 creatures vanquished

Notes
Turn   | Place    | Note
-------+----------+-------------------------------------------
     0 | D:1      | javelincjr the Deep Elf Air Elementalist began the quest
                  | for the Orb.
     0 | D:1      | Reached XP level 1. HP: 10/10 MP: 6/6
   415 | D:1      | Reached XP level 2. HP: 15/15 MP: 6/8
  1083 | D:1      | Reached XP level 3. HP: 19/19 MP: 7/10
  1454 | D:2      | Reached skill level 4 in Spellcasting
  1552 | D:2      | Learned a level 2 spell: Static Discharge
  1556 | D:2      | Learned a level 3 spell: Swiftness
  2229 | D:2      | Found a runed translucent door.
  2230 | D:2      | Noticed Crazy Yiuf
  2238 | D:2      | Slain by Crazy Yiuf

Illustrated notes

Levels and vault maps discovered:
D:1:      saegor_arrival_simple_a, layout_basic, minmay_statues_item,
          chequers_serial_rivers_micro_d, minmay_close_crescents
D:2:      layout_basic, uniq_crazy_yiuf_cottage

Skill      XL: |  1  2  3 |
---------------+----------+-----
Spellcasting   | 4 |  4.0
Dodging        | |  2.6
Stealth        | |  2.8
Conjurations   | |  1.5
Air Magic      | |  3.8

Action                   || total
-------------------------++-------
Melee: Long sword        ||    29
 Cast: Shock             ||    76
       Static Discharge  ||     3
 Stab: Sleeping          ||     2
Armor: Robe              ||     5
Dodge: Dodged            ||     8
